[Event "*** SCC Grand Prix: Titled Tuesday Blitz"]
[Site "Chess.com"]
[Date "2020.07.07"]
[Round "2"]
[White "Bastiandash"]
[Black "GelmanAlexander"]
[Result "1-0"]
[WhiteElo "2323"]
[BlackElo "2541"]
[TimeControl "180+1"]
[EndTime "10:19:34 PDT"]
[Termination "Bastiandash won by resignation"]

1. d4 Nf6 2. Nf3 c5 3. c3 b6 4.
Bg5 e6 5. e3 Bb7 6. Bd3 h6 7.
Bh4 d6 8. Nbd2 Nbd7 9. O-O g5 10. Bg3 Rg8 11. e4 h5 12. e5 h4 13. exf6 hxg3 14. fxg3 Qc7 15. Qe2 g4 16. Nh4 Bh6 17.
Rad1 O-O-O 18. Ba6 Bg5 19. Bxb7+ Kxb7 20. Qxg4 d5 21. Qe2 Nxf6 22. Nhf3 Bxd2 23. Nxd2 Ng4 24. h3 Nh6 25. g4 Rg6 26. Nf3 f5 27. Ne5 Rg7 28.
gxf5 Nxf5 29. Rf3 Rdg8 30. g4 Qe7 31. Kh2 Nh4 32. Rg3 Nf5 33. Rf3 Qh4 34. Qb5 Rc7 35. gxf5 Qe4 36. Qf1 Rcg7 37. Re1 Rg2+ 38. Qxg2 Rxg2+ 39. Kxg2 Qxe1 40. f6 Qd2+ 41. Rf2 Qg5+ 42. Ng4 Qg8 43.
f7 Qf8 44. Ne5 Kc7 45. Ng6 Qg7 46. f8=Q Qxg6+ 47. Kh1 Qe4+ 48. Kg1 Qe1+ 49. Kh2 Kc6 50. Qf4 Kb5 51. dxc5 bxc5 52. a4+ Kc6 53. Qf6 Qe4 54. Qf3 Qe5+ 55. Qg3 Qe4 56. h4 c4 57. h5 Qh7 58. Qg6 Qc7+ 59. Kg2 Qe5 60. h6 Qe4+ 61. Qxe4 1-0

[Event "*** SCC Grand Prix: Titled Tuesday Blitz"]
[Site "Chess.com"]
[Date "2020.07.07"]
[Round "2"]
[White "Fluffey"]
[Black "CyberdelChess"]
[Result "1-0"]
[WhiteElo "2457"]
[BlackElo "2251"]
[TimeControl "180+1"]
[EndTime "10:19:34 PDT"]
[Termination "Fluffey won on time"]

1. e4 c5 2. Nf3 d6 3. d4 cxd4 4.
Nxd4 Nf6 5. Nc3 a6 6. Bc4 e6 7. Bb3 Nbd7 8. Be3 Nc5 9. f3 Be7 10. Qd2 Qc7 11. a3 b5 12. Ba2 O-O 13. O-O-O Rb8 14. g4 Bd7 15. h4 a5 16. h5 b4 17.
axb4 axb4 18. Nb1 b3 19. Nxb3 Nxb3+ 20. Bxb3 Rxb3 21. g5 Nxe4 22. fxe4 Rxe3 23. Qxe3 Rc8 24. Rd2 Bc6 25. g6 hxg6 26. hxg6 fxg6 27. Qh3 Kf7 28. Rf1+ Bf6 29. e5 dxe5 30. Nc3 Qa7 31. Rd6 Qe7 32. Qd3 Kg8 33. Qxg6 Bg5+ 34. Kb1 Qxd6 35. Qxg5 Rb8 36. Qg6 Be8 37. Qg3 Qb4 38. b3 Qd4 39.
Rg1 Rb7 40. Rd1 Qf4 41. Qxf4 exf4 42. Ne4 Kf8 43. Nd6 Rd7 44. c4 Ke7 45. c5 g5 46.
b4 Bg6+ 47. Kb2 e5 48. Re1 Kf6 49. Nc4 Kf5 50. Nxe5 Re7 51. Nf3 Rxe1 52. Nxe1 g4 53. c6 g3 54. c7 Bh5 55. c8=Q+ Kg5 56. Qc5+ Kh4 57. Ng2+ Kg4 58. Nxf4 Kxf4 59. Qxh5 g2 60. Qh2+ Kf3 61. Qg1 Kg3 62. b5 1-0

[Event "*** SCC Grand Prix: Titled Tuesday Blitz"]
[Site "Chess.com"]
[Date "2020.07.07"]
[Round "2"]
[White "ChessicallyInclined"]
[Black "DeviatkinAndrey"]
[Result "0-1"]
[WhiteElo "2491"]
[BlackElo "2719"]
[TimeControl "180+1"]
[EndTime "10:19:35 PDT"]
[Termination "DeviatkinAndrey won on time"]

1. d4 d5 2. c4 c6 3. Nf3 Nf6 4. e3 Bf5 5. Nc3 e6 6. Nh4 Be4 7. f3 Bg6 8. Qb3 Qb6 9. Bd2 Nbd7 10. g3 Qxb3 11. axb3 Bc2 12. c5 Bxb3 13. f4 a6 14. Bd3 Be7 15. Ra3 Bc4 16. Bxc4 dxc4 17. Ra4 Nd5 18. Nf3 f5 19. Rxc4 Kf7 20. Ke2 Rag8 21. h4 g6 22. Ng5+ Bxg5 23. hxg5 h6 24. gxh6 Rh7 25. Kf3 N7f6 26. e4 Nxc3 27. bxc3 Nxe4 28.
Be3 Rgh8 29. Rb4 Rxh6 30. Rxb7+ Kf6 31. Rxh6 Rxh6 32. c4 Rh3 33. Bf2 Rh2 34. Be1 g5 35. Rb6 g4+ 36. Ke3 Rh1 37. Ba5 Ra1 38. Rxa6 Ra3+ 39. Ke2 Nxg3+ 40. Kd1 Kf7 41. Ra7+ Kg6 42. Bb6 Rd3+ 43. Ke1 Rxd4 44. Rc7 Rxc4 45. Rxc6 Rxf4 46. Rxe6+ Kf7 47. Rd6 Rc4 48. c6 Ne4 49. Rd7+ Ke6 50. Rc7 g3 51. Rc8 Rc1+ 52. Ke2 g2 53. c7 g1=Q 54.
Bxg1 Kd7 55. Rb8 Kxc7 56. Ba7 Kc6 57. Rb6+ Kd5 58. Rb5+ Kc4 59. Rxf5 Nc3+ 0-1

[Event "*** SCC Grand Prix: Titled Tuesday Blitz"]
[Site "Chess.com"]
[Date "2020.07.07"]
[Round "2"]
[White "if_name_main_a"]
[Black "Michaelson_11"]
[Result "1-0"]
[WhiteElo "2402"]
[BlackElo "2103"]
[TimeControl "180+1"]
[EndTime "10:19:35 PDT"]
[Termination "if_name_main_a won by checkmate"]

1. c4 c5 2. Nf3 Nf6 3. d4 cxd4 4.
Nxd4 Nc6 5. Nc3 g6 6. e4 Bg7 7.
Be3 d6 8. Be2 O-O 9. O-O a5 10. f3 Nxd4 11. Bxd4 Nd7 12. Kh1 Bxd4 13. Qxd4 Qb6 14. Qd2 Nc5 15. b3 Be6 16. Rab1 Rfc8 17. f4 f5 18. exf5 Bxf5 19. Rbe1 Qd8 20. Bf3 h5 21. Qd5+ e6 22. Qd4 Qf8 23. Rd1 Rd8 24. Nb5 Ra6 25. Rfe1 Qg7 26. Qe3 Rb6 27. Rd2 Qe7 28.
Red1 Kf7 29. h3 h4 30. Qd4 Qf6 31. Nxd6+ Rbxd6 32.
Qxf6+ Kxf6 33. Rxd6 Rxd6 34. Rxd6 a4 35. b4 Nd3 36. a3 Nb2 37. Rd4 e5 38. fxe5+ Kxe5 39. Rxh4 g5 40. Rh5 Nxc4 41. Rxg5 Kf4 42. Rh5 Nxa3 43. Bxb7 Nc2 44. b5 a3 45. Bd5 Nb4 46.
Rh4+ Ke5 47. Rxb4 Kxd5 48. Ra4 Kc5 49. Rxa3 Kxb5 50. Rg3 Kc4 51. Rg5 Be4 52. h4 Kd3 53. Kh2 Ke3 54. Kg3 Bd3 55. h5 Kd4 56. h6 Be4 57.
Kh4 Ke3 58. g4 Kf3 59. Rg7 Kg2 60. g5 Bf3 61. g6 Be4 62. h7 Bxg6 63. Rxg6+ Kh2 64.
h8=Q Kh1 65. Kg5+ Kg2 66. Kf6+ Kf2 67. Kg7 Ke3 68. Qf8 Ke4 69. Re6+ Kd5 70. Re7 Kd6 71. Qd8+ Kc6 72. Rc7+ Kb6 73. Qb8+ Ka6 74. Ra7# 1-0

[Event "*** SCC Grand Prix: Titled Tuesday Blitz"]
[Site "Chess.com"]
[Date "2020.07.07"]
[Round "2"]
[White "Steven_Rojas"]
[Black "mr65"]
[Result "0-1"]
[WhiteElo "2374"]
[BlackElo "2093"]
[TimeControl "180+1"]
[EndTime "10:19:35 PDT"]
[Termination "mr65 won by checkmate"]

1. c4 Nf6 2. Nc3 g6 3. g3 Bg7 4.
Bg2 O-O 5. d4 d6 6. Nf3 Nc6 7.
O-O a6 8. Qd3 Bf5 9. e4 Bg4 10.
Be3 Re8 11. h3 Bxf3 12. Bxf3 e5 13. d5 Nd4 14. Bxd4 exd4 15. Ne2 Qe7 16. Nxd4 Nxe4 17. Rae1 Nc5 18. Qd1 Qf6 19. Nb3 Qxb2 20. Nxc5 dxc5 21. d6 cxd6 22. Qxd6 Bd4 23. Rxe8+ Rxe8 24. Qd7 Re1 25. Qd8+ Kg7 26. Qxd4+ cxd4 27. Rxe1 d3 28. Rd1 d2 29.
Kf1 b6 30. Ke2 Qxa2 31. Bd5 Qb2 32. Rxd2 Qe5+ 33. Kf1 a5 34. Rd3 h5 35. Rf3 Qe7 36.
Rb3 Qa7 37. Bc6 Qc7 38. Bb5 Qc5 39. Rb2 a4 40. Ra2 a3 41. Re2 Qb4 42. Re1 a2 43.
Kg2 Qb1 44. Re7 a1=Q 45. Be8 Qf5 46. Re3 Qb2 47. Rf3 Qxf3+ 48. Kxf3 Qc3+ 49. Kg2 Qxc4 50. h4 Qe4+ 51. Kh3 Qxe8 52. g4 b5 53. gxh5 gxh5 54.
Kg3 b4 55. Kf4 b3 56. Kg5 b2 57. f4 b1=Q 58. f5 Qg1+ 59. Kxh5 Qe4 60. f6+ Kh8 61. Kh6 Qxh4# 0-1

[Event "*** SCC Grand Prix: Titled Tuesday Blitz"]
[Site "Chess.com"]
[Date "2020.07.07"]
[Round "2"]
[White "Kopytkin"]
[Black "annamaja"]
[Result "1-0"]
[WhiteElo "2456"]
[BlackElo "2247"]
[TimeControl "180+1"]
[EndTime "10:19:36 PDT"]
[Termination "Kopytkin won by resignation"]

1. e4 e6 2. d4 d5 3. e5 c5 4. c3 Nc6 5. Nf3 Qb6 6. a3 Bd7 7. b4 cxd4 8. cxd4 Nge7 9. Nc3 Nf5 10. Na4 Qc7 11. g4 Nh6 12. h3 Ng8 13. Bd3 h5 14. Rg1 hxg4 15. hxg4 Nge7 16. Be3 Rc8 17. Rc1 Qb8 18. Nc5 a5 19. b5 Na7 20. a4 b6 21. Na6 Qb7 22. Ke2 Ng6 23. Rxc8+ Qxc8 24. Qc1 Nh4 25. Nxh4 Rxh4 26. Bg5 Be7 27. Bxh4 Bxh4 28. Rh1 Qxc1 29. Rxc1 Kd8 30. Nb8 Bg5 31. Rc2 Be8 32. Kf3 Nc8 33. Nc6+ Kd7 34. Kg3 Bh6 35. f4 f6 36. Rh2 fxe5 37. Nxe5+ Kd6 38. g5 Ne7 39. gxh6 gxh6 40. Rxh6 Ng8 41. Rh8 Nf6 42. Kf3 Ke7 43. Rh1 Kd6 44. Rc1 Bh5+ 45. Ke3 Be8 46. Nc6 Ng4+ 47.
Kf3 Nf6 48. Ne5 Bh5+ 49. Kg3 Be8 50. Bg6 Bxg6 51. Nxg6 Ne4+ 52. Kf3 Nd2+ 53. Ke2 Nb3 54. Rd1 Kd7 55. Ne5+ Kd6 56. Ke3 Ke7 57. Rb1 Kf6 58.
Rxb3 Kf5 59. Rc3 Kf6 60. Rc6 Kf5 61. Rxb6 Kf6 62. Ra6 Kf5 63. Rxa5 1-0

[Event "*** SCC Grand Prix: Titled Tuesday Blitz"]
[Site "Chess.com"]
[Date "2020.07.07"]
[Round "2"]
[White "MrTattaglia"]
[Black "GjakanTati"]
[Result "1-0"]
[WhiteElo "2926"]
[BlackElo "2576"]
[TimeControl "180+1"]
[EndTime "10:19:37 PDT"]
[Termination "MrTattaglia won by resignation"]

1. Nf3 Nf6 2. c4 e6 3. g3 d5 4.
Bg2 dxc4 5. O-O c6 6. a4 Nbd7 7.
Na3 Bxa3 8. Rxa3 O-O 9. Qc2 Re8 10. Qxc4 e5 11. d3 Nb6 12. Qc2 Nbd5 13. Rd1 Bg4 14. h3 Be6 15. Ng5 Bd7 16. Ne4 Qe7 17. Bg5 h6 18.
Bxf6 Nxf6 19. Nc5 Bf5 20. a5 Rac8 21. Rb3 Rc7 22. Rc3 e4 23. dxe4 Nxe4 24. Re3 Nd6 25. Qd2 Qg5 26. Qxd6 Rxe3 27. fxe3 Qxe3+ 28. Kh2 Re7 29. Rf1 Bg6 30. Qd8+ Kh7 31. Nd7 Re8 32. Qc7 Qxe2 33.
Qxb7 Be4 34. Rg1 Bd5 35. Qb4 Qc2 36. Qc3 Qf2 37. Qd3+ Kg8 38. Qf1 Qxb2 39. Nc5 Re2 40. Nd3 Qd2 41. Nf4 Rf2 42. Qb1 Bf3 43. Qb8+ Kh7 44. Qb1+ Kg8 45. Qf5 Bd5 46. Qc8+ Kh7 47. Nxd5 cxd5 48. Qd7 Kg8 49. Qxa7 d4 50. a6 d3 51.
Qb8+ Kh7 52. a7 Qe2 53. a8=Q d2 54. Qg8+ Kg6 55. Qc6+ f6 56. Qge8+ Qxe8 57. Qxe8+ Kh7 58. Qd7 Kg8 59. Qd5+ Kh7 60. Qd3+ Kg8 61. h4 Kf7 62. Kh3 1-0

[Event "*** SCC Grand Prix: Titled Tuesday Blitz"]
[Site "Chess.com"]
[Date "2020.07.07"]
[Round "2"]
[White "aNaartjieZA"]
[Black "Grieve72"]
[Result "1-0"]
[WhiteElo "2544"]
[BlackElo "2224"]
[TimeControl "180+1"]
[EndTime "10:19:37 PDT"]
[Termination "aNaartjieZA won by resignation"]

1. e4 c5 2. Nf3 e6 3. d3 Nc6 4. g3 Nf6 5. Bg2 d6 6. O-O Be7 7. Re1 O-O 8. c3 Bd7 9. d4 cxd4 10.
cxd4 d5 11. e5 Ne4 12. Nbd2 Nxd2 13. Bxd2 Rc8 14. h4 Nb4 15. Bc3 Bb5 16. a3 Nc6 17. Rc1 a5 18. Qd2 a4 19. h5 h6 20. Qf4 Na5 21.
Bf1 Bxf1 22. Kxf1 Qb6 23. Kg2 Rfd8 24. g4 Nb3 25. Rc2 Rd7 26. Ba5 Qxa5 27. Rxc8+ Rd8 28. Rxd8+ Bxd8 29. Re2 Qc7 30. Qe3 Be7 31. Qd3 Qc1 32.
Rc2 Qf4 33. Rc8+ Bf8 34. Nh2 Nxd4 35. Qe3 Qxe3 36. fxe3 Nb3 37. Nf3 Nc5 38. Nd4 Nd3 39. Nb5 Nxb2 40. Kf3 Nc4 41. Kf4 g6 42. hxg6 fxg6 43.
Nd6 Nxa3 44. Nxb7 Nc4 45. Nc5 a3 46. Nxe6 Kf7 47. Nxf8 a2 48. Ra8 a1=Q 49. Rxa1 Kxf8 50. Ra7 g5+ 51. Kg3 Nxe5 52. Ra6 Nf7 53. Ra5 Ke7 54. Rxd5 Ke6 55. Ra5 Nd6 56. Kf3 Nc4 57. Ra6+ Nd6 58.
Ke2 Ke5 59. Kd3 Nf7 60. Ra5+ Ke6 61. Kd4 Nd6 62. e4 Nf7 63. Ra6+ Ke7 64. e5 Kd7 65. e6+ Ke7 1-0

[Event "*** SCC Grand Prix: Titled Tuesday Blitz"]
[Site "Chess.com"]
[Date "2020.07.07"]
[Round "2"]
[White "mishanick"]
[Black "Legendinunknown"]
[Result "1-0"]
[WhiteElo "2863"]
[BlackElo "2555"]
[TimeControl "180+1"]
[EndTime "10:19:38 PDT"]
[Termination "mishanick won by resignation"]

1. d4 Nf6 2. c4 g6 3. Nc3 Bg7 4. e4 O-O 5. Be2 d6 6. Be3 c6 7.
Nf3 a6 8. O-O b5 9. Qc2 Nbd7 10.
Rfd1 Bb7 11. Rac1 bxc4 12. Bxc4 d5 13. Bd3 dxe4 14. Nxe4 Nd5 15. Bd2 Qb6 16. Bc4 Rac8 17. a3 c5 18. dxc5 Nxc5 19. Bxd5 Bxd5 20. Nxc5 Qxb2 21.
Be3 Qxc2 22. Rxc2 Bb3 23. Rcc1 Bxd1 24. Rxd1 a5 25. Kf1 Rfd8 26. Rxd8+ Rxd8 27. Ke2 Rb8 28. Nd2 Rb2 29. Kd3 Ra2 30. Nc4 e6 31. Ne4 Bf8 32. Nc3 Ra1 33. Nb5 a4 34. Kc2 Rh1 35. h3 Rh2 36. g3 Rxh3 37. Nc3 h5 38. Nxa4 h4 39. gxh4 Rxh4 40. Kd3 Rh1 41. Nab6 Ra1 42. a4 f6 43. Kc2 Bb4 44. Kb2 Rf1 45. a5 Bxa5 46. Nxa5 g5 47. Nb3 Kf7 48. Nd2 Rh1 49. Nbc4 f5 50.
Bxg5 Kg6 51. Be3 Kf6 52. f4 Rh3 53. Bd4+ Ke7 54. Be5 Rd3 55. Kc2 Rh3 56. Nb3 Kf7 57. Nd4 Rg3 58. Na5 Rh3 59. Nab3 Rh2+ 60. Kd3 Rh3+ 61.
Kc4 Rh1 62. Nc5 Rc1+ 63. Kb5 Rb1+ 64. Kc6 Rc1 65. Kd6 Rc4 66. Ncxe6 Ra4 67. Nd8+ Kg6 68. N8c6 Rc4 69. Ne7+ Kh5 70. Nexf5 Kg4 71. Ne3+ 1-0

[Event "*** SCC Grand Prix: Titled Tuesday Blitz"]
[Site "Chess.com"]
[Date "2020.07.07"]
[Round "2"]
[White "tapu2"]
[Black "LedakovAlexandr"]
[Result "0-1"]
[WhiteElo "2666"]
[BlackElo "2488"]
[TimeControl "180+1"]
[EndTime "10:19:38 PDT"]
[Termination "LedakovAlexandr won by resignation"]

1. c4 Nc6 2. g3 d6 3. Bg2 g6 4. d4 Bg7 5. Nf3 Bg4 6. d5 Bxf3 7. exf3 Nb8 8. O-O Nf6 9. Nc3 O-O 10.
f4 c6 11. Be3 Re8 12. Qd2 Ng4 13. Bd4 Bxd4 14. Qxd4 Qb6 15. Qxb6 axb6 16. Rfe1 Kf8 17. Rad1 Nf6 18. a3 Rc8 19. Re3 Rc7 20. Rde1 Ra7 21. h3 h5 22. Bf3 Na6 23. g4 hxg4 24. hxg4 Ne8 25. Kg2 Nc5 26. b4 Na4 27. Ne4 cxd5 28. cxd5 b5 29. Be2 Nb6 30. Bxb5 Nf6 31. Nxf6 exf6 32. Re8+ Kg7 33. Rh1 Nxd5 34. Reh8 Nxf4+ 35. Kf3 g5 36. R1h7+ Kg6 37. Rh6+ Kg7 38. Rh1 Rxa3+ 39.
Ke4 Rcc3 40. Rd8 Rcb3 41. Kd4 Rxb4+ 42. Bc4 d5 43. Rxd5 Rxc4+ 44. Kxc4 Nxd5 45. Kxd5 Rf3 46. Kd6 Rxf2 47. Kc7 Rf4 48. Kxb7 Rxg4 49. Kc6 Re4 50.
Kd5 Re6 51. Rg1 Kg6 52. Rg2 f5 53. Rg1 f4 54. Rg2 Kf5 55. Rf2 g4 56. Rf1 f3 0-1

[Event "*** SCC Grand Prix: Titled Tuesday Blitz"]
[Site "Chess.com"]
[Date "2020.07.07"]
[Round "2"]
[White "Future2700"]
[Black "Matols"]
[Result "1-0"]
[WhiteElo "2425"]
[BlackElo "2172"]
[TimeControl "180+1"]
[EndTime "10:19:38 PDT"]
[Termination "Future2700 won by checkmate"]

1. e4 e6 2. d4 d5 3. Nd2 c5 4. Ngf3 cxd4 5. Nxd4 Nc6 6. Nxc6 bxc6 7. c4 Nf6 8. cxd5 cxd5 9. Bd3 Be7 10. O-O O-O 11. a3 a5 12. exd5 Nxd5 13. Ne4 Bb7 14. Qe2 Rc8 15. Bd2 Qb6 16. Rac1 h6 17. Nc3 Nf6 18. Nb5 Ba8 19. Be3 Qb7 20. f3 Nd5 21. Bd2 Qb6+ 22. Kh1 Rfd8 23. Rxc8 Rxc8 24. Qe4 Nf6 25. Qh4 Rd8 26.
Qc4 Bd5 27. Qc2 Bc6 28. a4 Nd5 29. Rc1 Bb7 30. Be4 Nb4 31. Bxb4 Bxb4 32. Bxb7 Qxb7 33.
Rd1 Qb8 34. Rxd8+ Qxd8 35. Kg1 Qb6+ 36. Kf1 Qe3 37. Qe2 Qc1+ 38. Kf2 Bc5+ 39. Kg3 Qg5+ 40. Kh3 Bd6 41. g3 Bb4 42. Kg2 Qf5 43. Qe4 Qc5 44.
Qd4 Qc2+ 45. Kh3 Qf5+ 46. Kg2 Qc2+ 47. Kh3 Qf5+ 48. Qg4 Qc2 49. Nd4 Qxb2 50. Nc6 Qb1 51. Ne5 Qf1+ 52. Kh4 Be7+ 53. Kh5 Qb1 54. Qe4 g6+ 55.
Kxh6 Qc1+ 56. f4 Bf8+ 57. Kg5 Qd1 58. Nxf7 Qh5+ 59. Kf6 Bg7+ 60. Kxe6 Qc5 61. Qxg6 Qc6+ 62. Kf5 Qc2+ 63. Kg5 Qc5+ 64. f5 Qc1+ 65. Kh5 Qd1+ 66.
g4 Qg1 67. Nh6+ Kh8 68. Qe8+ Kh7 69. Qg8# 1-0

[Event "*** SCC Grand Prix: Titled Tuesday Blitz"]
[Site "Chess.com"]
[Date "2020.07.07"]
[Round "2"]
[White "googlegoom"]
[Black "Maghalashvili"]
[Result "1-0"]
[WhiteElo "2531"]
[BlackElo "2755"]
[TimeControl "180+1"]
[EndTime "10:19:39 PDT"]
[Termination "googlegoom won by resignation"]

1. Nf3 c5 2. b3 Nf6 3. Bb2 e6 4. e3 Be7 5. Be2 O-O 6. O-O b6 7. d4 Bb7 8. Nbd2 d5 9. c4 cxd4 10. Nxd4 Nc6 11. Rc1 Rc8 12. h3 Nxd4 13. Bxd4 Ba3 14.
Rc2 Qe7 15. Qa1 Rfd8 16. Rd1 Bd6 17. Rdc1 e5 18. Bb2 d4 19. exd4 exd4 20. Bd3 Nh5 21. Re1 Qg5 22. Be4 d3 23. Nf3 Qf4 24. Bxb7 dxc2 25.
Bxc8 Rxc8 26. Qc1 Qf5 27. Nd4 Qa5 28. a3 Bf4 29. Qa1 c1=Q 30. Rxc1 Bxc1 31. Qxc1 Qc5 32. g4 Nf6 33. Nf5 Ne4 34. Qf4 Nxf2 35. Qxf2 Qxf2+ 36. Kxf2 Rd8 37. Ke2 g6 38. Ne3 Kf8 39.
b4 Ke7 40. c5 bxc5 41. bxc5 Ke6 42. Bc3 f5 43. gxf5+ gxf5 44. Bb4 Ra8 45. Nc4 Kd5 46. Na5 Rg8 47. Kf3 Rg1 48. c6 Rf1+ 49. Ke2 Rc1 50. Kd2 Rg1 51. c7 Rg8 52. Nb3 Rc8 53. Ba5 Kc6 54. a4 Kd5 55. Kd3 f4 56. Nd4 Kc5 57. Nb5 Kc6 58. Nxa7+ Kb7 59. Nxc8 Kxc8 60. Ke4 h5 61.
Kxf4 1-0

[Event "*** SCC Grand Prix: Titled Tuesday Blitz"]
[Site "Chess.com"]
[Date "2020.07.07"]
[Round "2"]
[White "wadsy27"]
[Black "Shivagami"]
[Result "1-0"]
[WhiteElo "2435"]
[BlackElo "2199"]
[TimeControl "180+1"]
[EndTime "10:19:40 PDT"]
[Termination "wadsy27 won by resignation"]

1. c4 e5 2. g3 c6 3. d4 exd4 4. Qxd4 Nf6 5. Bg2 Bb4+ 6. Bd2 Bxd2+ 7. Nxd2 O-O 8. Ngf3 d5 9. O-O dxc4 10. Qxd8 Rxd8 11. Nxc4 Na6 12. Rfd1 Be6 13. Na5 Nc5 14. Nd4 Bd5 15.
Bxd5 Nxd5 16. Rac1 Na4 17. Nxb7 Rdb8 18. b3 Nac3 19.
Na5 Nxd1 20. Rxd1 Nc3 21. Rd2 c5 22. Ndc6 Re8 23. e3 g6 24. Rc2 Ne4 25. Kg2 Re6 26. f3 Nf6 27. e4 Nd7 28. Rd2 Ne5 29.
Nxe5 Rxe5 30. Nc4 Re7 31. Rd5 Rc7 32. e5 Kf8 33. f4 Ke7 34. Kf3 Rd8 35. Ke4 Rxd5 36.
Kxd5 Rc8 37. g4 Rd8+ 38. Nd6 f6 39. Kxc5 fxe5 40. fxe5 Ke6 41. Nc4 Rd1 42. Kc6 Ra1 43. a3 Rb1 44. b4 Rc1 45. Kc5 Rc3 46. b5 Rc2 47. a4 Rxh2 48. a5 h5 49. gxh5 gxh5 50.
b6 axb6+ 51. axb6 Rh1 52. Na3 Rh3 53. Nb5 Rh1 54. b7 Rc1+ 55. Kb6 Rb1 56. b8=Q Rxb5+ 57. Kxb5 1-0

[Event "*** SCC Grand Prix: Titled Tuesday Blitz"]
[Site "Chess.com"]
[Date "2020.07.07"]
[Round "2"]
[White "volcanoexplorer"]
[Black "queen_iryna"]
[Result "1-0"]
[WhiteElo "2586"]
[BlackElo "2259"]
[TimeControl "180+1"]
[EndTime "10:19:41 PDT"]
[Termination "volcanoexplorer won by resignation"]

1. e4 d6 2. d4 Nf6 3. Nc3 e5 4.
dxe5 dxe5 5. Qxd8+ Kxd8 6. Nf3 Bd6 7. Bg5 Be6 8. O-O-O Kc8 9. Nb5 Bc5 10. Bxf6 gxf6 11. Rd2 a6 12. Nc3 b5 13. Nd5 Nd7 14.
c3 c6 15. Ne3 Bxe3 16. fxe3 Nc5 17. Bd3 Bxa2 18. Bc2 Kc7 19. Nh4 Rad8 20. Rf2 Rd6 21. Rhf1 Rg8 22. Rxf6 Rg4 23. Rxd6 Kxd6 24. Nf5+ Kc7 25.
b4 Nd7 26. g3 Be6 27. Nh6 Rg7 28. Kb2 f6 29. Nf5 Bxf5 30. exf5 Nb6 31. Bb3 Rd7 32.
Kc2 Nd5 33. Bxd5 Rxd5 34. e4 Rd7 35. g4 Kb6 36. Rf3 c5 37. bxc5+ Kxc5 38. h4 a5 39. g5 fxg5 40. hxg5 a4 41. f6 Rf7 42.
Rf5 Kd6 43. Kb2 Ke6 44. Ka3 Rc7 45. Kb4 Kf7 46. Rxe5 Rc4+ 47. Kxb5 Rxc3 48. Re7+ Kf8 49. Kxa4 Rg3 50. e5 Rxg5 51. e6 Rf5 52. Rf7+ Ke8 53. Kb4 Re5 54. Re7+ Kf8 55. Kc4 h5 56. Kd4 Rf5 57.
Rf7+ Ke8 58. Ke4 Rf1 59. Rh7 Rxf6 60. Ke5 Rf8 61. Kd6 Rf1 62. Rh8+ Rf8 63. Rxf8+ Kxf8 64. Kd7 h4 65. e7+ Kg7 66. e8=Q h3 67. Qh5 1-0

[Event "*** SCC Grand Prix: Titled Tuesday Blitz"]
[Site "Chess.com"]
[Date "2020.07.07"]
[Round "2"]
[White "LyonBeast"]
[Black "deribas12345"]
[Result "1-0"]
[WhiteElo "3029"]
[BlackElo "2603"]
[TimeControl "180+1"]
[EndTime "10:19:44 PDT"]
[Termination "LyonBeast won by resignation"]

1. c4 c5 2. g3 g6 3. Bg2 Bg7 4. Nf3 Nc6 5. O-O Nf6 6. d3 O-O 7. Bf4 Nh5 8. Bc1 Nf6 9. Nc3 d5 10. cxd5 Nxd5 11. Bd2 Nxc3 12. Bxc3 Nd4 13. Rc1 Be6 14. e3 Nxf3+ 15. Qxf3 Qxd3 16. Qxb7 Rab8 17. Qxe7 Bxc3 18. Rxc3 Qe2 19. Qxa7 c4 20. b3 cxb3 21.
axb3 Rxb3 22. Rxb3 Bxb3 23. h4 h5 24. Ra1 Rd8 25.
Qb6 Rd1+ 26. Rxd1 Qxd1+ 27. Kh2 Be6 28. Qb8+ Kh7 29. Qf4 Qe1 30. Be4 Qd2 31. Qf6 Qa2 32. Qf3 Bg4 33. Qf4 Be6 34. Bg2 Kg7 35. e4 Kh7 36. Qe3 Kg7 37. Bf1 Kh7 38. Kg2 Qb2 39.
Bd3 Qe5 40. Qe2 Qd4 41. f3 Qc3 42. Kh2 Qd4 43. Qc2 Qe3 44. Kg2 Qd4 45. Be2 Qe3 46. Qd1 Qc3 47. Qg1 Qd2 48. Qf2 Qc1 49. g4 hxg4 50.
fxg4 Qc2 51. Bf3 Qxf2+ 52. Kxf2 g5 53. h5 f6 54. Ke3 Kg7 55. Kd4 Bf7 56. Kc5 Bg8 57.
Kd6 Kf7 58. Be2 Bh7 59. Bc4+ Kg7 60. Bd5 Kh6 61. Ke7 Kg7 62. Ke8 Kh6 63. Kf8 Bg6 64.
hxg6 Kxg6 65. Bf7+ Kh6 66. Bh5 f5 67. exf5 Kh7 68.
f6 Kh6 69. f7 Kh7 70. Ke7 Kg7 71. f8=Q+ Kh7 72. Qf7+ 1-0

[Event "*** SCC Grand Prix: Titled Tuesday Blitz"]
[Site "Chess.com"]
[Date "2020.07.07"]
[Round "2"]
[White "FMOlexandrProhorov"]
[Black "Budisavljevic"]
[Result "1-0"]
[WhiteElo "2139"]
[BlackElo "2390"]
[TimeControl "180+1"]
[EndTime "10:19:44 PDT"]
[Termination "FMOlexandrProhorov won by resignation"]

1. Nf3 Nf6 2. c4 e6 3. Nc3 c5 4.
d4 cxd4 5. Nxd4 Qc7 6. e4 a6 7.
a3 b6 8. Be3 Bb7 9. f3 Be7 10.
Be2 O-O 11. O-O d6 12. Qd2 Nbd7 13. Rac1 Rac8 14. Rfd1 Qb8 15. Bf1 Bd8 16. g3 Bc7 17. Bg2 Rfe8 18. b4 Qa8 19. Bg5 d5 20. cxd5 exd5 21.
exd5 Nxd5 22. Nxd5 Bxd5 23. Nf5 Be6 24. Ne7+ Rxe7 25. Bxe7 Qb8 26. f4 Re8 27. Bd6 Bxd6 28. Qxd6 Qxd6 29. Rxd6 b5 30. Bc6 Re7 31. Bxd7 Bxd7 32.
Rcd1 Be8 33. Rxa6 f6 34. Kf2 Bh5 35. Re1 Rc7 36. Ra8+ Kf7 37. Rb8 Rc2+ 38. Ke3 Rc3+ 39. Kd4 Rc4+ 40. Kd5 Bf3+ 41. Kd6 Rc6+ 42. Kd7 Rc3 43. f5 Rd3+ 44. Kc7 g6 45. Rxb5 Rc3+ 46. Kb8 gxf5 47. a4 Ra3 48. a5 Bg4 49. Rb7+ Kg6 50. Ree7 f4 51. gxf4 Kf5 52. Rxh7 Bf3 53. Ra7 Rb3 54.
Rab7 Bxb7 55. Rxb7 Kxf4 56. a6 f5 57. a7 Ra3 58. a8=Q Rxa8+ 59. Kxa8 Ke3 60. Rf7 f4 61. b5 f3 62. Rxf3+ Kxf3 63. b6 Kg2 64. b7 Kh1 65.
b8=Q Kg2 66. Qf4 Kh1 67. Kb7 Kg2 68. Kc6 Kh1 69. Kd5 Kg1 70. Ke4 Kh1 71. Ke3 Kg1 72.
h4 1-0

[Event "*** SCC Grand Prix: Titled Tuesday Blitz"]
[Site "Chess.com"]
[Date "2020.07.07"]
[Round "2"]
[White "csati17"]
[Black "SaqoChess_Twitch"]
[Result "1-0"]
[WhiteElo "2661"]
[BlackElo "2415"]
[TimeControl "180+1"]
[EndTime "10:19:45 PDT"]
[Termination "csati17 won by resignation"]

1. c4 e6 2. Nf3 d5 3. g3 Nf6 4.
Bg2 Be7 5. O-O O-O 6. b3 c5 7.
Bb2 Nc6 8. e3 b6 9. Nc3 Ba6 10.
Qe2 Rc8 11. d3 Qd7 12. Rfd1 Rfd8 13. Nb5 Qe8 14. e4 dxe4 15. dxe4 Rxd1+ 16. Rxd1 Bxb5 17. cxb5 Nb8 18. Ne5 Rd8 19. a4 Rxd1+ 20. Qxd1 Qd8 21. Qc2 Qc7 22. Qd3 Nfd7 23. Nc4 f6 24. Bh3 e5 25. Qd5+ Kh8 26. Qf7 Qd8 27. Ne3 Qf8 28. Qe6 Bd8 29.
Nd5 Qg8 30. Qg4 Qf7 31. f4 h5 32. Qf3 exf4 33. gxf4 Nf8 34. f5 Nbd7 35. Bf1 Kh7 36. Be2 g6 37. Kf1 Ne5 38. Qh3 Kg7 39. Qg3 g5 40. Bxe5 fxe5 41. Qxe5+ Kh7 42. f6 Nd7 43. Qf5+ Kh8 44. Qxg5 Nxf6 45. Qf5 Kg7 46. Nf4 Kh6 47. Ne6 Be7 48. e5 h4 49. exf6 Qxf6 50. Qxf6+ Bxf6 51. Kg2 Kg6 52. Bd3+ Kf7 53. Bf5 Be5 54. h3 Kf6 55. Bg4 Bd6 56. Kf3 Ke5 57. Nf4 Kd4 58. Ng6 Kc3 59.
Be6 Bg3 60. Kg4 Kb4 61. Nxh4 Be5 62. Nf3 Bc3 63. h4 Ka5 64. Kf5 Kb4 65. Ne5 Ka5 66.
h5 Bd2 67. Ng4 Bc1 68. h6 Bxh6 69. Nxh6 a6 70. Bc4 axb5 71. axb5 Kb4 72. Ke6 Ka5 73.
Kd6 Kb4 74. Kc6 Ka5 75. Nf5 Kb4 76. Kxb6 Ka3 77. Kxc5 Kb2 78. b6 Kc3 79. b7 1-0

[Event "*** SCC Grand Prix: Titled Tuesday Blitz"]
[Site "Chess.com"]
[Date "2020.07.07"]
[Round "2"]
[White "dcremisi"]
[Black "Anton_Demchenko"]
[Result "0-1"]
[WhiteElo "2442"]
[BlackElo "2871"]
[TimeControl "180+1"]
[EndTime "10:19:47 PDT"]
[Termination "Anton_Demchenko won by resignation"]

1. d4 Nf6 2. Nf3 d6 3. c4 Nc6 4.
Nc3 e5 5. dxe5 dxe5 6. Qxd8+ Kxd8 7. Bg5 Be6 8. O-O-O+ Kc8 9. Bxf6 gxf6 10. e3 a5 11. Nd5 f5 12. Ng5 h6 13. Nxe6 fxe6 14.
Nc3 a4 15. g3 a3 16. b3 e4 17. Ne2 Nb4 18. Rd2 Nd3+ 19. Rxd3 exd3 20. Nf4 Ra6 21. Bxd3 Bg7 22. Nxe6 Rxe6 23. Bxf5 Kd7 24. Rd1+ Ke7 25. Bxe6 Kxe6 26. Rd5 c6 27. Ra5 Bb2+ 28. Kd2 Rd8+ 29. Kc2 Kf6 30. Ra7 Rd7 31. Ra8 Kf5 32. f3 b5 33. Ra5 Rb7 34. cxb5 cxb5 35. Kd3 Kg6 36. f4 Rd7+ 37. Kc2 b4 38. e4 Bc3 39. Rd5 Rc7 40. Kd3 Bg7 41. Ke2 Rc1 42. Rd6+ Kf7 43. Rd1 Rc7 44. e5 Ke6 45. Kd3 Kf5 46. Rd2 Rc3+ 47.
Kd4 h5 48. Kd5 h4 49. Rg2 h3 50. Rd2 Bf8 51. Re2 Rd3+ 52. Kc6 Rd1 53. e6 Be7 54. Re5+ Kf6 55. g4 Rd6+ 56. Kb5 Rxe6 57. Rxe6+ Kxe6 58. Kc4 Bd6 59. f5+ Kf6 60. Kd3 Bxh2 61. Ke2 Be5 62. Kf3 Kg5 63. f6 Kxf6 64. Ke4 Bc7 65. Kf3 Kg5 66. Kf2 Kxg4 67. Kg1 Kf3 68. Kh1 Ke2 69. Kg1 Kd3 70. Kf2 0-1